 Dungeon Crawl Stone Soup version 0.18.1-48-g4cf74bf (webtiles) character file.

38 PossumBlood the Magician (level 3, -5/19 HPs)
             Began as a Deep Elf Wizard on Aug 25, 2016.
             Slain by Crazy Yiuf
             ... wielding a +3 quarterstaff of chaos
              (13 damage)
             ... on level 2 of the Dungeon.
             The game lasted 00:03:05 (1347 turns).

PossumBlood the Magician (Deep Elf Wizard)          Turns: 1347, Time: 00:03:06

Health: -5/19      AC:  5    Str:  4    XL:     3   Next: 25%
Magic:  13/20      EV: 12    Int: 23    God:
Gold:   88         SH:  0    Dex: 13    Spells: 4 memorised, 5 levels left

rFire  . . .     SeeInvis .     k - +3 mace (crush)
rCold  . . .     Gourm    .     a - +0 robe
rNeg   . . .     Faith    .     (no shield)
rPois  .         Spirit   .     b - +2 hat
rElec  .         Dismiss  .     m - +0 cloak
rCorr  .         Reflect  .     (no gloves)
SustAt .         Harm     +     (no boots)
MR     .....                    e - amulet of harm
Stlth  ++........               l - ring of flight
                                j - ring of magical power

@: repel missiles, not resistant to hostile enchantments, unstealthy
A: no striking features
a: Evoke Flight


You were on level 2 of the Dungeon.
You were not hungry.

You visited 1 branch of the dungeon, and saw 2 of its levels.

You collected 88 gold pieces.

Inventory:

Hand Weapons
 k - a +3 mace of crushing (weapon)
Armour
 a - a +0 robe (worn)
 b - a +2 hat (worn)
 m - a +0 cloak (worn)
Jewellery
 e - an amulet of harm (around neck)
 j - a ring of magical power (left hand)
 l - a ring of flight (right hand)
Scrolls
 g - a scroll of identify
 p - a scroll of amnesia
Potions
 h - a potion of lignification
 i - a potion of degeneration {unknown}
 n - a potion of agility {unknown}
 o - a potion of berserk rage {unknown}
Books
 c - a book of Minor Magic

   Spells                             Type                      Level
   a - Magic Dart                     Conjuration                  1
   b - Blink                          Translocation                2
   c - Call Imp                       Summoning                    2
   d - Repel Missiles                 Charms/Air                   2
   e - Slow                           Hexes                        2
   f - Conjure Flame                  Conjuration/Fire             3
   g - Mephitic Cloud                 Conjuration/Poison/Air       3
Comestibles
 d - 2 bread rations
 f - 7 fruits


   Skills:
 - Level 2.4 Dodging
 - Level 2.4 Stealth
 + Level 5.2 Spellcasting
 + Level 2.7 Conjurations
   Level 1.1 Summonings
 - Level 1.1 Translocations


You had 5 spell levels left.
You knew the following spells:

 Your Spells              Type           Power        Failure   Level  Hunger
a - Magic Dart            Conj           ###.         2%          1    None
b - Blink                 Tloc           N/A          12%         2    None
c - Repel Missiles        Chrm/Air       #.....       17%         2    None
d - Slow                  Hex            #.......     17%         2    None


Dungeon Overview and Level Annotations

Branches:
Dungeon (2/15)

Altars:
Zin

Annotations:
D:2 Crazy Yiuf


Message History

Crazy Yiuf hits you with a quarterstaff of chaos!
Ouch! That really hurt!
Casting: Magic Dart
Confirm with . or Enter, or press ? or * to list all spells.
Aiming: Magic Dart
Press: ? - help, Shift-Dir - straight line, f/p - Crazy Yiuf
Aim: Crazy Yiuf, wielding a quarterstaff of chaos and wearing a cloak (heavily wounded)
The magic dart hits Crazy Yiuf.
Crazy Yiuf is heavily wounded.
Crazy Yiuf barely misses you.
Casting: Magic Dart
Confirm with . or Enter, or press ? or * to list all spells.
Aiming: Magic Dart
Press: ? - help, Shift-Dir - straight line, f/p - Crazy Yiuf
Aim: Crazy Yiuf, wielding a quarterstaff of chaos and wearing a cloak (heavily wounded)
The magic dart hits Crazy Yiuf.
Crazy Yiuf is severely wounded.
Crazy Yiuf hits you with a quarterstaff of chaos!
Ouch! That really hurt!
You die...

.....# #.# #..####
##...# #.# #....†.
##...### #.# #.#####
##.....# ### #.#....
##..>#.# ####.#.##.
##.#.#.###♣♣♣♣♣
#..#.#.##.
#.#.#.##..)♣)♣♣♣ ###
#...<#.##.
..#.#......)♣))♣#)))#
##.#.#.##.
####.#......♣♣♣♣@g)).#
#......##. #.#..#..♣♣
♣♣#)))# #########.
..##.#..##♣♣ ### ..
#.......# #. ........#
#.......# #########


You could see Crazy Yiuf.

Vanquished Creatures
  A gnoll (D:1)
  A worm (D:2)
  3 giant geckos (D:2)
  5 bats
  A goblin (D:1)
  2 hobgoblins
  4 jackals (D:1)
  4 giant newts (D:1)
  A kobold (D:1)
  A rat (D:1)
23 creatures vanquished.

Notes
Turn   | Place    | Note
--------------------------------------------------------------
     0 | D:1      | PossumBlood the Deep Elf Wizard began the quest for the Orb.
     0 | D:1      | Reached XP level 1. HP: 10/10 MP: 7/7
   226 | D:1      | Reached XP level 2. HP: 11/15 MP: 1/9
   310 | D:1      | Reached skill level 5 in Spellcasting
   985 | D:1      | Learned a level 2 spell: Blink
   988 | D:1      | Learned a level 2 spell: Repel Missiles
   991 | D:1      | Learned a level 2 spell: Slow
  1057 | D:2      | Reached XP level 3. HP: 19/19 MP: 11/11
  1257 | D:2      | Found a glowing silver altar of Zin.
  1339 | D:2      | Noticed Crazy Yiuf
  1347 | D:2      | Slain by Crazy Yiuf

Skill      XL: |  1  2 |
---------------+-------+-----
Spellcasting   | 5 |  5.2
Conjurations   | 2 |  2.7
Dodging        | |  2.4
Stealth        | |  2.4
Summonings     | |  1.1
Translocations | |  1.1

Action                   || total
-------------------------++-------
Melee: Mace              ||    10
 Cast: Magic Dart        ||    57
       Repel Missiles    ||     1
  Use: Scroll            ||     8
  Eat: Bread ration      ||     1
Armor: Robe              ||     9
Dodge: Dodged            ||    21
